AoeStats
← Smada0702

Black Forest

510653000Analyzed
3v3 RM · 8h ago on Oct 2, 2026· 59m 55s· 6 players
Game mode
Random Map
Map size
Normal (6 player)
Population
200
Speed
Normal
Resources
Standard
Victory
Conquest
Starting age
Dark Age
Ending age
Imperial Age
RankedLock teamsTeams togetherTeam positionsShared explorationLock speedFull tech treeHidden civsTurbo modeCheats
Victory
Defeat
🇺🇸 Danes · United States
646
+5
🇺🇸 Maya · United States
626
+5
🇺🇸 Spanish · United States
527
+8
🇲🇽 Persians · Mexico
393
-7
🇩🇪 Mongols · Germany
376
-7
🇲🇽 Khmer · Mexico
261
-4
ramiroervizu
32:13 Feudal Age
50:40 Castle Age
ThitherMender12
1:20 Loom
13:52 Feudal Age
23:08 Double-Bit Axe
23:06 Horse Collar
28:38 Castle Age
29:20 Bow Saw
34:44 Heavy Plow
40:11 Imperial Age
40:46 Scale Barding Armor
40:42 Scale Mail Armor
40:11 Elite War Elephant
42:12 Pikeman
42:13 Man-at-Arms
45:58 Crop Rotation
45:53 Chain Mail Armor
49:53 Two-Man Saw
49:32 Halberdier
52:00 Heavy Camel Rider
52:23 Cavalier
AXL
6:31 Loom
13:56 Feudal Age
14:38 Double-Bit Axe
14:37 Horse Collar
14:50 Stone Mining
14:54 Gold Mining
15:09 Arson
23:43 Bloodlines
23:57 Padded Archer Armor
25:20 Scale Mail Armor
30:19 Forging
33:29 Castle Age
33:44 Scale Barding Armor
33:30 Fletching
35:01 Stone Shaft Mining
34:39 Bow Saw
35:08 Gold Shaft Mining
34:38 Heavy Plow
36:07 Chain Mail Armor
36:29 Leather Archer Armor
37:59 Wheelbarrow
37:10 Town Watch
38:33 Chain Barding Armor
41:14 Iron Casting
40:36 Bodkin Arrow
46:01 Nomads
48:39 Imperial Age
46:31 Hand Cart
46:17 Town Patrol
46:33 Guard Tower
46:54 Masonry
47:05 Ballistics
46:42 Murder Holes
46:53 Siphons
46:59 Fortified Wall
46:43 Light Cavalry
47:24 Husbandry
47:13 Pikeman
47:53 Squires
49:10 Devotion
49:07 Heavy Scorpion
50:21 Sappers
50:32 Elite Skirmisher
50:44 Man-at-Arms
Kenshin Brown
0:35 Loom
13:49 Feudal Age
14:32 Horse Collar
14:40 Double-Bit Axe
19:57 Castle Age
20:18 Stone Mining
20:22 Gold Mining
35:20 Imperial Age
33:27 Forging
33:07 Fletching
34:02 Wheelbarrow
34:58 Hand Cart
37:09 Iron Casting
36:34 Scale Mail Armor
36:40 Scale Barding Armor
36:30 Bodkin Arrow
36:37 Padded Archer Armor
37:13 Bow Saw
38:00 Chain Mail Armor
37:28 Elite Jomsviking
38:31 Conscription
39:11 Onager
41:41 Siege Onager
43:11 Caravan
44:25 Chemistry
43:38 Masonry
43:24 Murder Holes
46:03 Bracer
47:04 Blast Furnace
46:34 Plate Mail Armor
46:25 Chain Barding Armor
46:21 Leather Archer Armor
47:24 Elite Varangian Guard
47:51 Gambesons
48:07 Squires
47:52 Arson
EL Loodo
6:22 Loom
19:03 Feudal Age
19:41 Double-Bit Axe
22:00 Wheelbarrow
21:28 Horse Collar
25:12 Castle Age
27:18 Eagle Warrior
29:35 Bow Saw
29:34 Gold Mining
30:42 Squires
34:31 Fletching
34:41 Padded Archer Armor
35:40 Hand Cart
39:22 Imperial Age
39:34 Bodkin Arrow
40:48 Leather Archer Armor
41:08 Elite Eagle Warrior
43:17 Bracer
45:02 Ring Archer Armor
45:36 Holcans
46:05 Elite Plumed Archer
50:23 Two-Man Saw
50:35 Scale Mail Armor
50:46 Forging
50:41 Heavy Plow
51:18 Capped Ram
52:54 Hoardings
52:59 Masonry
52:39 Siege Ram
60:27 Architecture
59:53 Murder Holes
60:08 Fortified Wall
59:49 Guard Tower
59:49 Heated Shot
59:40 Treadmill Crane
Smada0702
7:05 Loom
10:34 Feudal Age
12:34 Double-Bit Axe
12:32 Horse Collar
17:36 Wheelbarrow
18:07 Arson
21:40 Castle Age
20:43 Bloodlines
21:37 Stone Mining
21:42 Gold Mining
23:36 Forging
24:58 Husbandry
28:02 Iron Casting
27:28 Scale Mail Armor
27:34 Scale Barding Armor
27:30 Padded Archer Armor
27:21 Fletching
29:10 Redemption
29:12 Fervor
30:26 Heavy Plow
30:52 Bow Saw
31:51 Inquisition
36:42 Hand Cart
36:14 Town Watch
43:14 Imperial Age
41:37 Stone Shaft Mining
41:38 Ballistics
45:03 Blast Furnace
44:20 Leather Archer Armor
44:00 Bodkin Arrow
44:21 Chain Mail Armor
44:26 Chain Barding Armor
45:11 Chemistry
44:28 Masonry
44:14 Murder Holes
44:29 Fortified Wall
44:10 Guard Tower
44:57 Coinage
44:27 Caravan
44:41 Guilds
45:24 Cavalier
45:27 Light Cavalry
46:13 Squires
45:33 Pikeman
45:59 Gambesons
45:36 Man-at-Arms
45:43 Man-at-Arms
47:34 Ring Archer Armor
48:48 Thumb Ring
49:28 Plate Mail Armor
48:59 Bracer
49:27 Halberdier
49:30 Long Swordsman
51:06 Supremacy
51:00 Elite Conquistador
52:39 Paladin
55:16 Plate Barding Armor
59:25 Block Printing
Connection lost

Rejoining the realm…

Still unreachable

The connection could not be restored.

Session expired

The server has moved on; the page needs a fresh start.